 Dungeon Crawl Stone Soup version 0.31-a0-986-g5e6e4ef867 (webtiles) character file.

Game seed: 16577046385035995333

51 croobank the Magician (level 3, -2/26 HPs)
             Began as a Demonspawn Hedge Wizard on Nov 18, 2023.
             Slain by a worm (11 damage)
             ... on level 2 of the Dungeon.
             The game lasted 00:04:21 (1605 turns).

croobank the Magician (Demonspawn Hedge Wizard)     Turns: 1605, Time: 00:04:22

Health: -2/26      AC:  2    Str: 10    XL:     3   Next: 58%
Magic:  3/7        EV: 12    Int: 17    God:
Gold:   27         SH:  0    Dex: 12    Spells: 7/8 levels left

rFire   . . .        a - +0 dagger
rCold   . . .        (no shield)
rNeg    . . .        e - +0 robe
rPois   .            c - +0 hat
rElec   .            (no cloak)
rCorr   .            (no gloves)
SInv    .            (no boots)
Will    .....        (no amulet)
Stlth   ++           (no ring)
HPRegen 0.24/turn    (no ring)
MPRegen 0.10/turn

%: no passive effects
@: no status effects
A: horns 1
a: no special abilities


You were on level 2 of the Dungeon.
You visited 1 branch of the dungeon, and saw 2 of its levels.

You collected 27 gold pieces.

Inventory:

Hand Weapons
 a - a +0 dagger (weapon)
 b - a +0 sling
Armour
 c - a +0 hat (worn)
 e - a +0 robe (worn)
Scrolls
 f - a scroll of teleportation
Potions
 d - a potion of magic
 g - a potion of haste {unknown}
 h - a potion of resistance {unknown}


   Skills:
 + Level 1.0 Fighting
 + Level 2.2 Dodging
 + Level 2.1 Stealth
 + Level 3.2 Spellcasting
 + Level 1.6 Conjurations
 - Level 1.1 Summonings
 + Level 1.4 Translocations


You had 7 spell levels left.
You knew the following spells:

 Your Spells              Type           Power      Damage    Failure   Level
a - Magic Dart            Conj           32%        1d4       9%          1

Your spell library contained the following spells:

 Spells                   Type           Power      Damage    Failure   Level
 Blink                    Tloc           14%        N/A       14%         2
 Call Imp                 Summ           12%        N/A       16%         2
 Slow                     Hex            8%         N/A       17%         1
 Cigotuvi's Dreadful Rot  Necr/Pois/Air  4%         N/A       26%         2
 Mephitic Cloud           Conj/Pois/Air  4%         N/A       38%         3


Dungeon Overview and Level Annotations

Branches:
Dungeon (2/15)

Altars:


Innate Abilities, Weirdness & Mutations

You have a pair of small horns on your head.


Message History

The worm is moderately wounded.
The worm bites you!
a - a +0 dagger (weapon)
You hit the worm.
The worm is heavily wounded.
The worm completely misses you.
You hit the worm.
The worm is heavily wounded.
The worm bites you.
Casting: Magic Dart (safe; 9% risk of failure)
Confirm with . or Enter, or press ? or * to list all spells.
Aiming: Magic Dart (safe; 9% risk of failure)
Press: ? - help, Shift-Dir - straight line, f/p - worm
Aim: a worm (heavily wounded, 100% to hit)
The magic dart hits the worm.
The worm is severely wounded.
Casting: Magic Dart (safe; 9% risk of failure)
Confirm with . or Enter, or press ? or * to list all spells.
Aiming: Magic Dart (safe; 9% risk of failure)
Press: ? - help, Shift-Dir - straight line, f/p - worm
Aim: a worm (severely wounded, 100% to hit)
The magic dart hits the worm.
The worm is almost dead.
The worm barely misses you.
Casting: Magic Dart (safe; 9% risk of failure)
Confirm with . or Enter, or press ? or * to list all spells.
Aiming: Magic Dart (safe; 9% risk of failure)
Press: ? - help, Shift-Dir - straight line, f/p - worm
Aim: a worm (severely wounded, 100% to hit)
The magic dart hits the worm.
The worm is almost dead.
Casting: Magic Dart (safe; 9% risk of failure)
Confirm with . or Enter, or press ? or * to list all spells.
Aiming: Magic Dart (safe; 9% risk of failure)
Press: ? - help, Shift-Dir - straight line, f/p - worm
Aim: a worm (almost dead, 100% to hit)
The magic dart hits the worm but does no damage.
The worm is almost dead.
The worm bites you!
You die...

##........#######
##.........#.....#
...........#.....#
...........#.....#
.................#
.................#
.................#
........###w.....#
....#...###@######
......†.#...##..>##
........).........##
...................#
...................#
...##..............#
.## #...)....)†...##
#.#.#...##...##
#..#.#...######


You could see a worm.

Vanquished Creatures
  4 dart slugs (D:1)
  3 ball pythons (D:1)
  6 bats
  4 endoplasms
  6 goblins
  5 hobgoblins (D:1)
  2 jackals (D:1)
  A quokka (D:1)
  A frilled lizard (D:1)
  3 kobolds
  4 rats
39 creatures vanquished.

Notes
Turn   | Place    | Note
-------+----------+-------------------------------------------
     0 | D:1      | croobank the Demonspawn Hedge Wizard began the quest for
                  | the Orb.
     0 | D:1      | Reached XP level 1. HP: 13/13 MP: 4/4
   113 | D:1      | Reached skill level 1 in Translocations
   179 | D:1      | Gained mutation: You have a pair of small horns on your
                  | head. [demonic ancestry]
   179 | D:1      | Reached XP level 2. HP: 19/19 MP: 6/6
   809 | D:1      | Reached XP level 3. HP: 25/25 MP: 5/7
  1548 | D:2      | Reached skill level 1 in Fighting
  1605 | D:2      | Slain by a worm

Illustrated notes

Levels and vault maps discovered:
D:1:      dpeg_arrival_simpleton_c, layout_basic, chequers_avenue,
          dk_noncrumbling_4
D:2:      layout_rooms

Skill      XL: |  1  2  3 |
---------------+----------+-----
Translocations | 1 |  1.4
Dodging        | 2 |  2.2
Stealth        | 2 |  2.1
Fighting       | 1 |  1.0
Spellcasting   | |  3.2
Conjurations   | |  1.6
Summonings     | |  1.1

Action                     || total
---------------------------++-------
  Melee: Dagger            ||    46
         Headbutt          ||     6
   Fire: Sling             ||    35
   Cast: Magic Dart        ||    51
    Use: Scroll            ||     1
   Stab: Sleeping          ||     4
 Armour: Robe              ||    37
  Dodge: Dodged            ||    41

Table legend: (Time is in decaauts)
 A = Elapsed time spent in this place.
 B = Non-inter-level travel time spent in this place.
 C = Inter-level travel time spent in this place.
 D = Time resting spent in this place.
 E = Time spent auto-exploring this place.
 F = Levels seen in this place.
 G = Mean time per level.
                   A        B        C        D        E       F      G
               +--------+--------+--------+--------+--------+-----+--------+
         Total |   1615 |   1607 |      8 |    163 |   1155 |   2 |  807.5 |
       Dungeon |   1615 |   1607 |      8 |    163 |   1155 |   2 |  807.5 |
               +--------+--------+--------+--------+--------+-----+--------+

Top non-repeatable levels by time:
     D:1: 1450 daAuts
     D:2: 165 daAuts
